Map: Black Site 2E

Players

Winthrowe

  • Race: Terran Terran
  • League: Silver
  • Spawn Location: 5:00

Karma

  • Race: Terran Terran
  • Spawn Location: 3:00

dirtyt

  • Race: Protoss Protoss
  • Spawn Location: 6:00

BeastCorp - Winner!

  • Race: Terran Terran
  • League: Gold
  • Spawn Location: 12:00

Ash - Winner!

  • Race: Protoss Protoss
  • Spawn Location: 9:00

Spazmo - Winner!

  • Race: Protoss Protoss
  • League: Diamond
  • Spawn Location: 11:00

VOD

Have the link to the VOD?

Description

Time

  • Played on: Sept. 3, 2017, 8 p.m.
  • Length: 12:49
Show
View Real Time Build Order
Export as new Build Order

Winthrowe Terran 

Build Orders:  

Get SALT Encoding   

  12  0:14  SCV  
  13  0:26  SCV, Supply Depot  
  14  0:38  SCV  
  15  0:50  SCV  
  15  0:51  Barracks  
  16  1:02  SCV  
  17  1:26  Command Center  
  17  1:33  SCV  
  18  1:45  SCV  
  19  1:53  Barracks  
  19  1:57  SCV  
  19  1:58  Refinery  
  20  2:09  Marine, SCV  
  22  2:21  SCV  
  23  2:35  Orbital Command  
  23  2:38  Marine  
  23  2:43  Marine  
  23  2:44  Supply Depot  
  25  2:56  Marine  
  26  3:03  Marine  
  27  3:08  Supply Depot  
  26  3:13  Marine  
  27  3:20  Marine  
  27  3:26  Barracks  
  26  3:27  SCV  
  26  3:29  SCV  
  26  3:31  Marine, Supply Depot  
  29  3:38  Marine  
  28  3:49  Marine  
  28  3:56  Marine  
  28  4:07  Marine  
  29  4:14  Marine  
  28  4:17  Factory  
  28  4:25  Marine, SCV x2  
  31  4:35  Refinery  
  31  4:37  SCV x2  
  33  4:49  SCV x2  
  35  4:58  Barracks Tech Lab  
  35  4:59  Barracks Tech Lab  
  35  5:00  Barracks Reactor  
  35  5:01  SCV  
  35  5:06  Factory Tech Lab  
  36  5:13  SCV  
  37  5:18  Marine  
  37  5:19  Marauder  
  40  5:30  Engineering Bay  
  40  5:33  SCV  
  40  5:34  SCV  
  42  5:36  Marine x2, Marauder  
  42  5:41  Marauder  
  48  5:45  SCV  
  48  5:46  SCV  
  50  5:52  Siege Tank  
  50  5:54  Marine x2  
  50  5:55  Starport  
  50  5:56  Engineering Bay  
  55  5:58  SCV x2, Marauder  
  55  6:02  Marauder  
  61  6:05  Refinery  
  61  6:07  Refinery  
  61  6:10  SCV  
  62  6:18  Marine x2, SCV  
  65  6:19  Marauder  
  65  6:22  SCV  
  65  6:23  Marine  
  65  6:24  Siege Tank  
  72  6:36  Marine x2  
  74  6:40  Marine  
  74  6:41  Marine  
  76  6:53  Marine x2  
  78  7:13  Combat Shields  
  78  7:14  Stimpack  
  78  7:18  Infernal Pre-Igniter  
  78  7:38  Marine x3, Siege Tank, Supply Depot, Marauder  
  78  7:39  SCV x2  
  88  7:48  Starport Reactor  
  88  7:51  SCV x2  
  90  7:56  Marine x2, Marauder  
  90  7:57  Supply Depot  
  94  8:00  Marauder  
  94  8:01  Supply Depot  
  94  8:03  SCV x2  
  98  8:10  Siege Tank  
  101  8:13  Marine  
  101  8:19  Marine, Marauder  
  105  8:21  Supply Depot, Marauder  
  105  8:23  Supply Depot  
  107  8:32  Concussive Shells  
  107  8:40  Medivac x2  
  107  8:41  Marauder  
  113  8:42  Siege Tank  
  113  8:43  Marauder  
  113  8:46  Supply Depot  
  118  9:02  Marauder  
  120  9:04  Marauder  
  122  9:14  Siege Tank  
  125  9:35  Marauder x2  
  125  9:36  Marine x2  
  131  9:42  Medivac x2  
  135  9:46  Cyclone  
  138  9:54  Marine x2  
  138  9:56  Marauder  
  142  10:10  Supply Depot  
  142  10:12  Supply Depot  
  142  10:17  Terran Infantry Weapons Level 1, Terran Infantry Armor Level 1  
  142  10:26  Armory  
  142  10:31  Marine x2  
  142  10:32  Medivac, Marauder x2  
  142  10:33  Supply Depot  
  142  10:34  Cyclone  
  153  10:35  Supply Depot  
  153  10:49  Marine x2  
  155  10:53  Marauder  
  155  10:55  Marauder  
  159  10:57  Supply Depot  
  159  11:00  Supply Depot  
  159  11:06  Cyclone  
  159  11:07  Marine x2  
  164  11:14  Armory  
  164  11:15  Marauder  
  164  11:16  Marauder  
  148  11:36  Marauder  
  148  11:38  Marine, Cyclone  
  148  11:39  Marine x2  
  104  11:56  Marine x3  
  104  11:57  Marine  
  108  12:02  Viking x2  
  112  12:14  Marine x3  
  112  12:15  Marine  
Show
View Real Time Build Order
Export as new Build Order

Karma Terran 

Build Orders:  

Get SALT Encoding   

  12  0:01  SCV  
  13  0:14  SCV  
  14  0:25  Supply Depot  
  14  0:26  SCV  
  15  0:43  Supply Depot  
  15  0:46  SCV  
  16  0:53  Barracks  
  16  0:58  SCV  
  17  1:07  Supply Depot  
  17  1:10  SCV  
  18  1:23  SCV  
  19  1:34  Barracks  
  19  1:41  Orbital Command, Barracks  
  19  1:44  Marine  
  20  1:52  Refinery  
  20  2:27  Marine  
  20  2:28  Marine x2  
  23  2:36  Supply Depot  
  23  2:45  Marine  
  23  2:46  Marine x2  
  23  2:47  SCV  
  27  2:53  Refinery  
  27  2:58  Command Center  
  27  3:08  Marine  
  27  3:09  Marine x2  
  22  4:10  Marine  
  22  4:11  Marine x2  
  24  4:28  Marine  
  25  4:41  Marine x2  
  27  4:46  Marine  
  28  6:26  SCV, Refinery  
  28  6:28  Refinery  
  29  6:38  SCV  
  30  6:50  SCV  
  31  7:02  SCV  
  32  7:14  SCV  
Show
View Real Time Build Order
Export as new Build Order

dirtyt Protoss 

Build Orders:  

Get SALT Encoding   

  12  0:02  Probe (Chrono Boost)  
  13  0:14  Probe (Chrono Boost)  
  14  0:27  Probe (Chrono Boost)  
  15  0:30  Pylon  
  15  1:03  Gateway  
  15  1:08  Probe (Chrono Boost)  
  16  1:14  Nexus  
  16  1:19  Probe (Chrono Boost)  
  17  1:38  Assimilator  
  17  1:40  Probe (Chrono Boost)  
  17  1:41  Assimilator  
  18  1:51  Probe (Chrono Boost)  
  19  2:01  Probe (Chrono Boost)  
  19  2:04  Zealot (Chrono Boost)  
  13  2:30  Cybernetics Core  
  13  2:42  Probe  
  12  2:52  Probe  
  13  3:03  Probe  
  14  3:13  Probe  
  15  3:24  Pylon, Probe  
  16  3:28  Assimilator  
  16  3:33  Assimilator, Probe  
  17  3:34  Probe  
  18  3:45  Probe x2  
  20  3:57  Probe  
  21  4:16  Gateway, Pylon  
  21  4:22  Probe  
  22  4:32  Probe  
  23  4:56  Pylon  
  23  5:03  Cybernetics Core  
  23  5:07  Stargate  
  23  5:11  Stargate  
  23  5:26  Stargate  
  23  5:43  Stargate  
  23  5:46  Pylon  
  23  5:49  Pylon  
  23  5:51  Protoss Air Weapons Level 1  
  23  5:54  Pylon  
  23  6:09  Fleet Beacon  
  23  6:15  Nexus  
  23  6:18  Void Ray  
  23  6:22  Assimilator  
  27  6:27  Assimilator  
  27  6:36  Void Ray  
  31  6:42  Probe  
  32  6:53  Probe  
  32  6:59  Void Ray  
  37  7:03  Probe  
  38  7:28  Probe  
  38  7:29  Probe  
  39  7:34  Carrier  
  46  7:37  Graviton Catapult  
  46  7:38  Probe  
  46  7:40  Probe  
  48  7:45  Protoss Air Armor Level 1  
  48  7:50  Probe  
  49  7:58  Probe  
  49  8:01  Probe  
  49  8:04  Carrier  
  57  8:09  Probe  
  57  8:11  Probe  
  58  8:15  Forge  
  59  8:20  Probe  
  59  8:22  Probe  
  61  8:30  Probe  
  61  8:32  Probe  
  62  8:36  Carrier  
  62  8:41  Probe  
  69  8:42  Nexus  
  69  8:43  Probe  
  71  8:51  Probe  
  71  8:52  Assimilator  
  71  8:54  Probe  
  73  8:56  Assimilator  
  73  9:02  Probe  
  73  9:04  Probe  
  75  9:12  Probe  
  75  9:14  Protoss Shields Level 1  
  76  9:17  Probe  
  76  9:23  Probe  
  78  9:37  Pylon  
  78  9:39  Pylon  
  78  9:47  Pylon  
  78  9:52  Stargate, Probe  
  78  9:53  Carrier x2  
  78  9:54  Carrier, Pylon  
  78  9:56  Stargate  
  78  9:58  Twilight Council  
  97  10:01  Pylon  
  97  10:04  Carrier  
  103  10:10  Probe  
  103  10:12  Probe  
  104  10:16  Probe  
  104  10:21  Probe  
  106  10:23  Probe  
  106  10:26  Protoss Air Weapons Level 2  
  106  10:27  Probe  
  108  10:31  Cybernetics Core, Probe  
  108  10:33  Probe  
  107  10:43  Carrier  
  107  10:44  Probe  
  107  10:49  Carrier  
  117  10:55  Probe  
  118  11:13  Nexus  
  118  11:17  Assimilator  
  118  11:30  Pylon  
  118  11:31  Pylon  
  118  11:34  Pylon  
  118  11:43  Pylon  
  118  11:46  Pylon  
Show
View Real Time Build Order
Export as new Build Order

BeastCorp Terran - Winner!

Build Orders:  

Get SALT Encoding   

  12  0:01  SCV  
  13  0:13  SCV  
  14  0:25  SCV  
  15  0:31  Supply Depot  
  15  0:52  SCV  
  15  0:54  Supply Depot  
  15  0:56  Barracks  
  16  1:17  Supply Depot  
  16  1:19  SCV  
  16  1:22  Refinery  
  17  1:27  Refinery  
  17  1:31  SCV  
  18  1:42  Supply Depot  
  18  1:46  SCV  
  19  2:09  Command Center  
  19  2:21  SCV  
  20  2:23  Factory  
  20  2:41  SCV  
  21  2:53  SCV  
  22  2:58  Refinery  
  22  3:03  Refinery  
  23  3:05  SCV  
  23  3:12  Starport  
  23  3:13  Factory Tech Lab  
  23  3:20  Armory  
  23  3:24  SCV  
  24  3:32  SCV  
  25  3:38  SCV  
  26  3:44  SCV  
  27  3:50  SCV  
  27  3:55  Starport  
  28  4:01  SCV  
  28  4:02  SCV, Factory Tech Lab  
  30  4:12  Terran Vehicle And Ship Armor Level 1  
  30  4:22  Fusion Core  
  30  4:26  SCV  
  30  4:27  SCV  
  32  4:50  Supply Depot  
  32  4:52  SCV x2  
  34  5:08  SCV  
  34  5:09  SCV  
  34  5:11  Battlecruiser  
  42  5:16  Weapon Refit  
  42  5:22  SCV x2  
  44  5:39  Battlecruiser  
  50  5:50  Orbital Command  
  50  5:52  Orbital Command  
  56  6:18  Battlecruiser  
  56  6:22  SCV x2  
  58  6:31  Starport  
  58  6:35  SCV  
  58  6:36  SCV  
  66  6:47  Battlecruiser  
  66  6:50  SCV x2  
  68  7:08  Starport Tech Lab  
  68  7:15  Command Center  
  68  7:35  Battlecruiser  
  74  7:38  Refinery  
  74  7:40  Refinery  
  74  7:44  Battlecruiser  
  80  7:57  SCV x2  
  82  8:00  Factory Tech Lab  
  82  8:16  Supply Depot  
  82  8:19  Supply Depot  
  82  8:22  Engineering Bay  
  82  8:27  Battlecruiser  
  88  8:43  Battlecruiser  
  94  8:57  Battlecruiser  
  100  9:08  SCV x2  
  100  9:09  Orbital Command  
  102  9:20  SCV x2  
  104  9:29  Sensor Tower  
  104  9:31  Medivac  
  106  9:41  Sensor Tower  
  106  9:47  SCV, Medivac  
  106  9:48  SCV x2  
  111  10:05  Supply Depot  
  123  10:07  Supply Depot  
  123  10:09  Thor  
  123  10:12  Sensor Tower  
  129  10:24  Battlecruiser  
  129  10:25  Battlecruiser  
  129  10:27  Battlecruiser  
  135  10:34  Terran Ship Weapons Level 1  
  135  10:39  Armory  
  135  10:57  Thor  
  141  11:29  Battlecruiser x2  
  159  12:11  Supply Depot x2  
  159  12:34  Supply Depot  
Show
View Real Time Build Order
Export as new Build Order

Ash Protoss - Winner!

Build Orders: Cannon Rush 

Get SALT Encoding   

  12  0:13  Probe (Chrono Boost)  
  13  0:21  Pylon  
  13  0:35  Pylon  
  13  0:41  Forge  
  13  0:46  Probe (Chrono Boost)  
  14  0:56  Probe (Chrono Boost)  
  15  1:10  Pylon  
  15  1:12  Probe (Chrono Boost)  
  16  1:28  Photon Cannon  
  16  1:34  Probe (Chrono Boost)  
  16  1:38  Photon Cannon  
  17  1:44  Probe (Chrono Boost)  
  18  1:53  Photon Cannon  
  18  1:55  Probe (Chrono Boost)  
  19  2:27  Photon Cannon  
  19  2:29  Pylon  
  19  2:31  Probe (Chrono Boost)  
  20  2:49  Photon Cannon  
  20  2:54  Photon Cannon  
  20  2:58  Photon Cannon  
  20  3:08  Probe (Chrono Boost)  
  21  3:13  Photon Cannon  
  21  3:18  Photon Cannon  
  21  3:19  Probe (Chrono Boost)  
  22  3:29  Probe (Chrono Boost)  
  23  3:39  Photon Cannon  
  23  3:40  Probe (Chrono Boost)  
  24  3:42  Photon Cannon  
  24  3:48  Pylon  
  24  3:55  Probe (Chrono Boost)  
  25  4:02  Assimilator  
  25  4:05  Probe (Chrono Boost)  
  25  4:06  Pylon  
  25  4:07  Assimilator  
  26  4:16  Probe (Chrono Boost)  
  27  4:27  Probe (Chrono Boost)  
  27  4:30  Pylon  
  28  4:38  Probe (Chrono Boost)  
  29  4:43  Photon Cannon  
  29  4:48  Probe (Chrono Boost)  
  29  4:52  Photon Cannon  
  30  4:59  Probe (Chrono Boost)  
  31  5:03  Pylon  
  31  5:09  Gateway, Probe (Chrono Boost)  
  31  5:10  Photon Cannon  
  32  5:16  Pylon  
  32  5:20  Probe (Chrono Boost)  
  33  5:30  Probe (Chrono Boost)  
  33  5:34  Photon Cannon  
  34  5:41  Probe (Chrono Boost)  
  35  5:44  Pylon  
  35  5:51  Probe (Chrono Boost)  
  36  5:58  Cybernetics Core  
  36  6:02  Probe (Chrono Boost)  
  37  6:06  Pylon  
  37  6:16  Photon Cannon  
  37  6:19  Nexus  
  37  6:26  Probe (Chrono Boost)  
  37  6:27  Photon Cannon  
  37  6:31  Photon Cannon  
  38  6:37  Probe (Chrono Boost)  
  39  6:41  Assimilator  
  39  6:47  Robotics Facility  
  39  6:54  Probe (Chrono Boost)  
  39  6:55  Assimilator  
  40  7:05  Probe (Chrono Boost)  
  41  7:16  Probe (Chrono Boost)  
  42  7:26  Probe (Chrono Boost)  
  42  7:27  Robotics Facility  
  42  7:32  Robotics Facility  
  42  7:55  Robotics Bay  
  42  8:03  Pylon  
  42  8:05  Immortal (Chrono Boost)  
  46  8:11  Protoss Ground Weapons Level 1 (Chrono Boost)  
  46  8:21  Immortal (Chrono Boost)  
  54  8:33  Immortal (Chrono Boost)  
  54  8:42  Extended Thermal Lance  
  54  8:49  Colossus (Chrono Boost)  
  60  9:03  Robotics Facility  
  60  9:09  Photon Cannon  
  60  9:20  Colossus (Chrono Boost)  
  66  9:30  Mothership Core  
  68  9:48  Forge  
  74  10:06  Colossus (Chrono Boost)  
  74  10:16  Colossus (Chrono Boost)  
  74  10:17  Immortal (Chrono Boost)  
  90  10:35  Colossus (Chrono Boost)  
  90  10:39  Pylon  
  90  10:40  Pylon  
  90  10:43  Pylon  
  90  10:45  Pylon  
  90  10:47  Pylon  
  90  10:49  Pylon  
  96  11:04  Colossus (Chrono Boost)  
  96  11:24  Twilight Council  
  96  11:26  Forge  
  96  11:41  Observer (Chrono Boost)  
  96  11:43  Immortal (Chrono Boost)  
  105  11:59  Immortal (Chrono Boost), Nexus  
  109  12:39  Assimilator  
Show
View Real Time Build Order
Export as new Build Order

Spazmo Protoss - Winner!

Build Orders: Forge Fast Expand (FFE) 

Get SALT Encoding   

  12  0:02  Probe (Chrono Boost)  
  13  0:16  Pylon  
  13  0:37  Forge  
  13  0:48  Probe (Chrono Boost)  
  14  1:03  Probe (Chrono Boost)  
  15  1:14  Probe (Chrono Boost)  
  16  1:24  Probe (Chrono Boost)  
  17  1:27  Nexus  
  17  1:35  Probe (Chrono Boost)  
  17  1:38  Assimilator  
  18  1:45  Probe (Chrono Boost)  
  19  1:56  Probe (Chrono Boost)  
  20  2:06  Probe (Chrono Boost)  
  20  2:08  Photon Cannon  
  21  2:11  Gateway  
  21  2:15  Pylon  
  21  2:17  Assimilator  
  21  2:19  Probe (Chrono Boost)  
  22  2:44  Probe (Chrono Boost)  
  22  2:49  Probe (Chrono Boost)  
  24  2:55  Probe (Chrono Boost)  
  25  2:58  Pylon  
  25  3:00  Probe (Chrono Boost)  
  25  3:03  Cybernetics Core  
  26  3:05  Probe (Chrono Boost)  
  26  3:10  Probe (Chrono Boost)  
  27  3:13  Assimilator  
  27  3:16  Probe (Chrono Boost)  
  28  3:21  Probe (Chrono Boost)  
  29  3:32  Probe (Chrono Boost)  
  30  3:44  Probe (Chrono Boost)  
  31  3:49  Assimilator  
  31  3:51  Probe (Chrono Boost)  
  31  3:55  Probe (Chrono Boost)  
  33  4:01  Probe (Chrono Boost)  
  34  4:05  Probe (Chrono Boost)  
  34  4:06  Nexus  
  35  4:12  Probe (Chrono Boost)  
  35  4:16  Probe (Chrono Boost)  
  37  4:22  Stargate, Probe (Chrono Boost)  
  37  4:23  Stargate  
  38  4:26  Probe (Chrono Boost)  
  38  4:28  Cybernetics Core  
  39  4:33  Probe (Chrono Boost)  
  39  4:37  Probe (Chrono Boost)  
  41  4:39  Assimilator  
  41  4:43  Assimilator, Probe (Chrono Boost)  
  42  4:47  Probe (Chrono Boost)  
  43  4:54  Probe (Chrono Boost)  
  43  4:58  Probe (Chrono Boost)  
  45  5:03  Pylon  
  45  5:05  Mothership Core (Chrono Boost)  
  45  5:06  Pylon  
  47  5:09  Probe (Chrono Boost)  
  48  5:14  Pylon  
  48  5:17  Pylon  
  48  5:19  Probe (Chrono Boost)  
  49  5:22  Probe (Chrono Boost)  
  49  5:23  Probe (Chrono Boost)  
  51  5:32  Probe (Chrono Boost)  
  51  5:34  Probe (Chrono Boost)  
  53  5:35  Fleet Beacon  
  53  5:39  Pylon  
  53  5:43  Probe (Chrono Boost)  
  53  5:44  Probe (Chrono Boost)  
  53  5:46  Pylon  
  53  5:47  Pylon, Protoss Air Weapons Level 1  
  53  5:49  Protoss Air Armor Level 1  
  55  5:53  Probe (Chrono Boost)  
  55  5:55  Probe (Chrono Boost)  
  57  6:03  Probe (Chrono Boost)  
  59  6:04  Probe (Chrono Boost)  
  59  6:05  Probe (Chrono Boost)  
  60  6:14  Probe (Chrono Boost)  
  60  6:16  Photon Cannon  
  61  6:19  Photon Cannon  
  61  6:23  Stargate x2  
  61  6:24  Probe (Chrono Boost)  
  62  6:26  Stargate  
  62  6:29  Pylon  
  62  6:31  Pylon  
  62  6:33  Pylon  
  62  6:34  Graviton Catapult  
  63  6:40  Probe (Chrono Boost)  
  63  6:50  Probe (Chrono Boost)  
  64  6:58  Carrier x2  
  64  6:59  Nexus  
  64  7:01  Probe (Chrono Boost)  
  77  7:05  Stargate  
  77  7:11  Probe (Chrono Boost)  
  78  7:22  Probe (Chrono Boost)  
  79  7:25  Carrier  
  79  7:26  Carrier  
  91  7:32  Probe (Chrono Boost)  
  91  7:35  Photon Cannon  
  91  7:36  Protoss Shields Level 1  
  92  7:43  Probe (Chrono Boost)  
  92  7:44  Assimilator  
  93  7:47  Carrier  
  93  7:49  Assimilator  
  93  7:50  Carrier  
  105  8:02  Probe (Chrono Boost)  
  105  8:05  Probe (Chrono Boost)  
  107  8:12  Probe (Chrono Boost)  
  108  8:19  Protoss Air Weapons Level 2 (Chrono Boost)  
  108  8:20  Protoss Air Armor Level 2 (Chrono Boost)  
  108  8:29  Probe (Chrono Boost)  
  109  8:40  Carrier x2  
  121  8:45  Probe (Chrono Boost)  
  121  8:48  Probe (Chrono Boost)  
  123  8:56  Carrier  
  129  9:26  Nexus  
  129  9:29  Assimilator  
  129  9:30  Assimilator  
  129  9:47  Pylon  
  129  9:51  Pylon  
  129  9:53  Pylon  
  129  9:55  Pylon  
  129  9:59  Pylon  
  129  10:05  Carrier x3  
  147  10:08  Carrier x2  
  159  10:16  Photon Cannon  
  159  10:18  Photon Cannon  
  159  10:21  Photon Cannon  
  159  10:22  Carrier  
  159  10:24  Photon Cannon  
  165  10:29  Photon Cannon  
  165  10:32  Photon Cannon  
  165  10:35  Photon Cannon  
  165  10:38  Photon Cannon  
  165  10:40  Pylon  
Tags
 
Add a new tag
Caveats
  • Supply blocks, unpowered buildings, or Contaminate may cause inaccurate times.
  • Supply counts are checked every 10 seconds.